WCHLSIM.com - West Coast Hockey League
html PUBLIC "-//W3C//DTD XHTML 1.0 Transitional//EN" "http://www.w3.org/TR/xhtml1/DTD/xhtml1-transitional.dtd"> WCHL - Game 602 - UTAH ICE BEARS vs LONG BEACH BARACUDAS

UTAH ICE BEARS vs LONG BEACH BARACUDAS

Created - 6 janvier 2024 at 21:57

Goals
1 2 3 T
UTAH ICE BEARS 0 1 0 1
LONG BEACH BARACUDAS 2 0 1 3
Shots
1 2 3 T
UTAH ICE BEARS 19 9 4 32
LONG BEACH BARACUDAS 7 6 12 25

1st period

1. LONG BEACH BARACUDAS , Kyle Connor 13 (Ryan O'Reilly 15) at 13:17
2. LONG BEACH BARACUDAS , Boris Katchouk 1 (Cody Glass 10, Teuvo Teravainen 20) at 17:25

Penalties :
Evgeni Malkin (UTA) for Tripping (Minor) at 18:17

2nd period

3. UTAH ICE BEARS , Lucas Raymond 9 (Matias Maccelli 14, Andrew Peeke 7) at 11:11

Penalties :
No Penalty

3rd period

4. LONG BEACH BARACUDAS , Jaden Schwartz 13 (Seth Jarvis 19, Ryan O'Reilly 16) at 19:48 (Empty Net)

Penalties :
Mark Stone (LOB) for Roughing (Minor) at 9:11, T.J. Brodie (UTA) for Slashing (Minor) at 16:53

Goalie Stats

Connor Ingram (UTA), 22 saves from 24 shots - (0,917), L, 12-7-0, 59:25 minutes
Alex Lyon (LOB), 14 saves from 15 shots - (0,933), W, 1-0-0, 43:16 minutes
Pyotr Kochetkov (LOB), 17 saves from 17 shots - (1,000), 16:44 minutes

Players Stats for UTAH ICE BEARS

Player Name              G  A  P  +/- PIM S  H  SB GA TA FO     MP     PP MP  PK MP  
------------------------------------------------------------------------------------
Alexander Barabanov      0  0  0   0  0   3  0  0  0  0  1/2    18:49   0:50   0:00 
Alexander Ovechkin       0  0  0  -1  0   4  3  0  0  0  1/1    19:34   1:09   0:00 
Andrew Mangiapane        0  0  0   0  0   1  0  0  0  0  0/0     4:37   0:00   0:50 
Andrew Peeke             0  1  1   1  0   0  3  2  0  0  0/0    20:55   0:50   1:53 
Artem Zub                0  0  0  -2  0   0  1  0  0  0  0/0    16:39   0:59   2:05 
Blake Lizotte            0  0  0   0  0   0  0  0  0  0  4/5     4:37   0:00   0:50 
Casey Mittelstadt        0  0  0   0  0   3  0  0  0  0  0/1    19:01   0:50   0:00 
David Savard             0  0  0   0  0   1  1  3  0  0  0/0    24:13   0:18   2:05 
Evgeni Malkin            0  0  0  -1  2   7  2  0  0  0  11/24  20:17   1:09   0:32 
Kevin Bahl               0  0  0  -2  0   1  1  0  0  0  0/0    13:35   0:00   0:00 
Kyle Okposo              0  0  0   0  0   0  0  0  0  0  0/0     6:29   0:00   2:42 
Lucas Raymond            1  0  1  -1  0   1  0  0  0  0  0/1    13:40   0:00   0:00 
MacKenzie Weegar         0  0  0  -1  0   0  3  2  0  0  0/0    22:17   0:51   1:53 
Matias Maccelli          0  1  1  -1  0   2  1  0  0  0  0/3    13:40   0:00   0:00 
Matthew Beniers          0  0  0   0  0   2  0  0  0  0  5/20   18:49   0:50   0:00 
Matthew Tkachuk          0  0  0  -1  0   6  1  0  0  0  0/1    19:46   1:09   0:00 
Morgan Frost             0  0  0  -1  0   1  1  0  0  0  7/23   16:42   0:00   3:02 
T.J. Brodie              0  0  0   0  2   0  2  4  0  0  0/0    22:20   1:00   0:00 

Players Stats for LONG BEACH BARACUDAS

Player Name              G  A  P  +/- PIM S  H  SB GA TA FO     MP     PP MP  PK MP  
------------------------------------------------------------------------------------
Alexander Romanov        0  0  0   0  0   0  4  2  0  0  0/0    22:04   0:36   0:28 
Andreas Athanasiou       0  0  0   0  0   2  0  0  0  0  0/1     6:28   0:00   0:42 
Anton Stralman           0  0  0   1  0   0  3  0  0  0  0/0    16:35   0:02   0:46 
Boris Katchouk           1  0  1   1  0   2  1  0  0  0  0/1    13:00   0:00   0:09 
Calvin De Haan           0  0  0   0  0   0  2  0  0  0  0/0    19:25   1:36   0:09 
Cody Glass               0  1  1   1  0   2  0  0  0  0  10/12  14:35   1:44   0:00 
Derek Stepan             0  0  0   0  0   1  0  0  0  0  2/5     6:09   0:00   0:23 
Ethan Prow               0  0  0   2  0   0  1  0  0  0  0/0    21:04   1:44   1:08 
Jaden Schwartz           1  0  1   1  0   2  4  0  0  0  1/5    21:15   2:02   1:08 
Justin Braun             0  0  0   0  0   2  0  2  0  0  0/0    20:36   2:14   1:08 
Kyle Connor              1  0  1   0  0   5  1  0  0  0  0/3    19:17   1:56   0:00 
Mark Stone               0  0  0   0  2   0  0  1  0  0  0/1    19:22   2:02   0:00 
Matt Irwin               0  0  0   1  0   0  3  2  0  0  0/0    18:32   0:00   0:19 
Peyton Krebs             0  0  0   0  0   1  0  0  0  0  1/1     5:46   0:00   0:00 
Ryan O'Reilly            0  2  2   1  0   3  0  2  0  0  27/32  20:57   2:02   1:08 
Seth Jarvis              0  1  1   1  0   1  0  0  0  0  0/1    18:05   0:00   0:00 
Teuvo Teravainen         0  1  1   1  0   2  0  0  0  0  2/2    15:15   1:56   0:28 
William Karlsson         0  0  0   0  0   2  2  0  0  0  9/17   19:35   1:56   0:00 

3 Stars

1 - Jaden Schwartz (LOB)
2 - Boris Katchouk (LOB)
3 - Ryan O'Reilly (LOB)

Power Play

UTAH ICE BEARS - 0 on 1 Attempt(s) - 0,00%
LONG BEACH BARACUDAS - 0 on 2 Attempt(s) - 0,00%

Penalty Kill

UTAH ICE BEARS - 2 on 2 Attempt(s) - 100,00% - Score 0 goal in Penalty Kill
LONG BEACH BARACUDAS - 1 on 1 Attempt(s) - 100,00% - Score 0 goal in Penalty Kill

Team Stat

UTAH ICE BEARS - Hits : 19 - Faceoff Wins : 29 - Blocked Shots : 11 - Penalty Minutes : 4
LONG BEACH BARACUDAS - Hits : 21 - Faceoff Wins : 52 - Blocked Shots : 9 - Penalty Minutes : 2

Official

Referees : Frederick L'Ecuyer and Francois St-Laurent
Linesman : Neil Campbell and Greg Devorski

Game Notes

Pyotr Kochetkov is injured at 16:44 of 1st period (Torso)
Alex Lyon enters game at 16:44 of 1st period
Jaden Schwartz has scored in a empty net!

Finance

Level 1 -- Attendance: 5262 (74,11%) -- Ticket Income 1 026 090 $
Level 2 -- Attendance: 5925 (100,00%) -- Ticket Income 687 300 $
Level 3 -- Attendance: 3237 (79,93%) -- Ticket Income 275 145 $
Level 4 -- Attendance: 6164 (93,75%) -- Ticket Income 339 020 $
Luxury Box -- Attendance: 973 (72,07%) -- Ticket Income 316 225 $
Game was played at the MONSTER ENERGY CENTER.
Total Attendance: 21561 (86,24%)
Total Ticket Income: 2 643 780 $
Other Expense: 26 438 $
Total Income: 2 617 342 $

UTAH ICE BEARS

5 vs 5 Forward 
   Center                   Left Wing                Right Wing               Time % Phy DF OF 
 1 Evgeni Malkin            Casey Mittelstadt        Matthew Tkachuk          36     1   2  2  
 2 Matthew Beniers          Alexander Ovechkin       Alexander Barabanov      34     1   2  2  
 3 Morgan Frost             Matias Maccelli          Lucas Raymond            25     0   3  2  
 4 Blake Lizotte            Andrew Mangiapane        Kyle Okposo              5      1   3  1  

5 vs 5 Defense 
   Defense                  Defense                                           Time % Phy DF OF 
 1 David Savard             MacKenzie Weegar                                  36     1   2  2  
 2 Andrew Peeke             T.J. Brodie                                       35     1   2  2  
 3 Artem Zub                Kevin Bahl                                        23     1   3  1  
 4 David Savard             T.J. Brodie                                       6      0   3  2  

PowerPlay Forward 
   Center                   Left Wing                Right Wing               Time % Phy DF OF 
 1 Evgeni Malkin            Alexander Ovechkin       Matthew Tkachuk          60     1   1  3  
 2 Matthew Beniers          Casey Mittelstadt        Alexander Barabanov      40     1   1  3  

PowerPlay Defense
   Defense                  Defense                                           Time % Phy DF OF 
 1 Artem Zub                MacKenzie Weegar                                  60     0   2  3  
 2 T.J. Brodie              MacKenzie Weegar                                  40     0   2  3  

Penalty Kill 4 Players Forward 
   Center                   Wing                     Time % Phy DF OF 
 1 Morgan Frost             Kyle Okposo              60     1   4  0  
 2 Blake Lizotte            Andrew Mangiapane        40     1   4  0  

Penalty Kill 4 Players Defense
   Defense                  Defense                  Time % Phy DF OF 
 1 Andrew Peeke             MacKenzie Weegar         60     1   4  0  
 2 Artem Zub                David Savard             40     1   4  0  

Penalty Kill - 3 Players Forward 
   Forward                                           Time % Phy DF OF 
 1 Blake Lizotte                                     55     1   4  0  
 2 Kyle Okposo                                       45     1   4  0  

Penalty Kill - 3 Players Defense
   Defense                  Defense                  Time % Phy DF OF 
 1 MacKenzie Weegar         Artem Zub                55     1   4  0  
 2 David Savard             Andrew Peeke             45     1   4  0  

4 vs 4 Forward 
   Center                   Wing                     Time % Phy DF OF 
 1 Casey Mittelstadt        Alexander Ovechkin       55     0   2  3  
 2 Matthew Beniers          Matthew Tkachuk          45     0   2  3  

4 vs 4 Defense
   Defense                  Defense                  Time % Phy DF OF 
 1 MacKenzie Weegar         Andrew Peeke             55     0   4  1  
 2 David Savard             T.J. Brodie              45     0   4  1  

Last Minutes Offensive
   Center                   Left Wing                Right Wing               Defense                  Defense                  
   Evgeni Malkin            Alexander Ovechkin       Matthew Tkachuk          MacKenzie Weegar         T.J. Brodie              

Last Minutes Defensive
   Center                   Left Wing                Right Wing               Defense                  Defense                  
   Evgeni Malkin            Andrew Mangiapane        Matthew Tkachuk          MacKenzie Weegar         David Savard             

Goaltenders
Starting : Connor Ingram            
Backup : Thatcher Demko           

Extra Forwards
Normal : Alexander Ovechkin, Matias Maccelli, Andrew Mangiapane - PP : Matthew Beniers, Kyle Okposo - PK : Evgeni Malkin
Extra Defensemen
Normal : T.J. Brodie, David Savard, MacKenzie Weegar - PP : T.J. Brodie - PK : Andrew Peeke, David Savard
Penalty Shots
Alexander Ovechkin, Matthew Tkachuk, Evgeni Malkin, Matthew Beniers, Casey Mittelstadt
Custom OT Lines Forwards
Evgeni Malkin, Alexander Ovechkin, Matthew Tkachuk, Matthew Beniers, Alexander Barabanov, Matias Maccelli, Casey Mittelstadt, Andrew Mangiapane, Morgan Frost, Kyle Okposo
Custom OT Lines Defensemen
MacKenzie Weegar, T.J. Brodie, David Savard, Andrew Peeke, Artem Zub

Scratches
Bowen Byram (Lacerated Right Calf Injury), Ross Colton (Healthy)

LONG BEACH BARACUDAS

5 vs 5 Forward 
   Center                   Left Wing                Right Wing               Time % Phy DF OF 
 1 Ryan O'Reilly            Kyle Connor              Mark Stone               36     0   2  3  
 2 William Karlsson         Jaden Schwartz           Seth Jarvis              34     0   2  3  
 3 Cody Glass               Boris Katchouk           Teuvo Teravainen         20     0   2  3  
 4 Derek Stepan             Peyton Krebs             Andreas Athanasiou       10     0   3  2  

5 vs 5 Defense 
   Defense                  Defense                                           Time % Phy DF OF 
 1 Calvin De Haan           Alexander Romanov                                 36     0   3  2  
 2 Justin Braun             Anton Stralman                                    31     0   3  2  
 3 Matt Irwin               Ethan Prow                                        23     0   3  2  
 4 Justin Braun             Alexander Romanov                                 10     0   3  2  

PowerPlay Forward 
   Center                   Left Wing                Right Wing               Time % Phy DF OF 
 1 William Karlsson         Kyle Connor              Teuvo Teravainen         55     0   1  4  
 2 Ryan O'Reilly            Jaden Schwartz           Mark Stone               45     0   1  4  

PowerPlay Defense
   Defense                  Defense                                           Time % Phy DF OF 
 1 Cody Glass               Ethan Prow                                        55     0   3  2  
 2 Justin Braun             Calvin De Haan                                    45     0   3  2  

Penalty Kill 4 Players Forward 
   Center                   Wing                     Time % Phy DF OF 
 1 Teuvo Teravainen         Boris Katchouk           55     0   3  2  
 2 Ryan O'Reilly            Jaden Schwartz           45     0   3  2  

Penalty Kill 4 Players Defense
   Defense                  Defense                  Time % Phy DF OF 
 1 Calvin De Haan           Alexander Romanov        55     0   4  1  
 2 Justin Braun             Ethan Prow               45     0   4  1  

Penalty Kill - 3 Players Forward 
   Forward                                           Time % Phy DF OF 
 1 Mark Stone                                        55     0   4  1  
 2 Jaden Schwartz                                    45     0   4  1  

Penalty Kill - 3 Players Defense
   Defense                  Defense                  Time % Phy DF OF 
 1 Calvin De Haan           Alexander Romanov        55     0   4  1  
 2 Justin Braun             Matt Irwin               45     0   4  1  

4 vs 4 Forward 
   Center                   Wing                     Time % Phy DF OF 
 1 Peyton Krebs             Andreas Athanasiou       55     0   2  3  
 2 Cody Glass               Boris Katchouk           45     0   2  3  

4 vs 4 Defense
   Defense                  Defense                  Time % Phy DF OF 
 1 Alexander Romanov        Matt Irwin               55     0   4  1  
 2 Justin Braun             Ethan Prow               45     0   4  1  

Last Minutes Offensive
   Center                   Left Wing                Right Wing               Defense                  Defense                  
   William Karlsson         Kyle Connor              Mark Stone               Justin Braun             Alexander Romanov        

Last Minutes Defensive
   Center                   Left Wing                Right Wing               Defense                  Defense                  
   Ryan O'Reilly            Jaden Schwartz           Seth Jarvis              Anton Stralman           Alexander Romanov        

Goaltenders
Starting : Pyotr Kochetkov          
Backup : Alex Lyon                

Extra Forwards
Normal : Jaden Schwartz, Teuvo Teravainen, Kyle Connor - PP : Jaden Schwartz, Seth Jarvis - PK : Jaden Schwartz
Extra Defensemen
Normal : Alexander Romanov, Calvin De Haan, Justin Braun - PP : Matt Irwin - PK : Calvin De Haan, Justin Braun
Penalty Shots
Mark Stone, Seth Jarvis, Ryan O'Reilly, Kyle Connor, Teuvo Teravainen
Custom OT Lines Forwards
Mark Stone, William Karlsson, Ryan O'Reilly, Kyle Connor, Teuvo Teravainen, Jaden Schwartz, Andreas Athanasiou, Seth Jarvis, Cody Glass, Derek Stepan
Custom OT Lines Defensemen
Matt Irwin, Alexander Romanov, Justin Braun, Calvin De Haan, Ethan Prow

Scratches
Taylor Hall (Sore Right Knee Injury), Alex Pietrangelo (Lower Body Injury), Scott Harrington (Sprained Left Knee Injury), Ukko-Pekka Luukkonen (Bruised Right Shoulder Injury)

% Time on Ice - UTAH ICE BEARS

Lines # - Real PCT - Wanted PCT - Time Play
Normal Forward
1 - 34% - 36% - 18:11
2 - 34% - 34% - 17:59
3 - 25% - 25% - 13:40
4 - 7% - 5% - 3:47
Normal Defense
1 - 36% - 36% - 19:07
2 - 34% - 35% - 18:12
3 - 25% - 23% - 13:35
4 - 5% - 6% - 2:43
PP Forward
1 - 58% - 60% - 1:09
2 - 42% - 40% - 0:50
PP Defense
1 - 50% - 60% - 0:59
2 - 50% - 40% - 1:00
PK Forward
1 - 79% - 60% - 3:08
2 - 21% - 40% - 0:50
PK Defense
1 - 47% - 60% - 1:53
2 - 53% - 40% - 2:05
PK3 Forward
1 - 0% - 55%
2 - 0% - 45%
PK3 Defense
1 - 0% - 55%
2 - 0% - 45%
44 Forward
1 - 0% - 55%
2 - 0% - 45%
44 Defense
1 - 0% - 55%
2 - 0% - 45%
Last Minute Offensive  - 0:26
Last Minute Defensive  - 0:00
Total
Forward - 60:00
Defense - 60:00

% Time on Ice - LONG BEACH BARACUDAS

Lines # - Real PCT - Wanted PCT - Time Play
Normal Forward
1 - 32% - 36% - 17:21
2 - 33% - 34% - 17:39
3 - 24% - 20% - 12:51
4 - 11% - 10% - 5:46
Normal Defense
1 - 32% - 36% - 17:19
2 - 27% - 31% - 14:33
3 - 35% - 23% - 18:34
4 - 6% - 10% - 3:11
PP Forward
1 - 49% - 55% - 1:56
2 - 51% - 45% - 2:02
PP Defense
1 - 44% - 55% - 1:44
2 - 56% - 45% - 2:14
PK Forward
1 - 43% - 55% - 0:51
2 - 57% - 45% - 1:08
PK Defense
1 - 43% - 55% - 0:51
2 - 57% - 45% - 1:08
PK3 Forward
1 - 0% - 55%
2 - 0% - 45%
PK3 Defense
1 - 0% - 55%
2 - 0% - 45%
44 Forward
1 - 0% - 55%
2 - 0% - 45%
44 Defense
1 - 0% - 55%
2 - 0% - 45%
Last Minute Offensive  - 0:00
Last Minute Defensive  - 0:26
Total
Forward - 60:00
Defense - 60:00

Play-by-Play

1st period


0:01 of 1st period - Ryan O'Reilly wins face-off versus Evgeni Malkin in neutral zone.
0:03 of 1st period - Off-side.
0:04 of 1st period - Matthew Beniers wins face-off versus William Karlsson in neutral zone.
0:04 of 1st period - Matthew Beniers is hit by Jaden Schwartz.
0:15 of 1st period - William Karlsson is hit by T.J. Brodie and loses puck.
0:33 of 1st period - Icing by Matthew Beniers.
0:34 of 1st period - Ryan O'Reilly wins face-off versus Matthew Beniers in UTAH ICE BEARS zone.
0:52 of 1st period - Ryan O'Reilly is hit by Andrew Peeke and loses puck.
1:24 of 1st period - Icing by T.J. Brodie.
1:25 of 1st period - Alexander Barabanov wins face-off versus Cody Glass in UTAH ICE BEARS zone.
1:55 of 1st period - Shot by Evgeni Malkin.
1:55 of 1st period - Stopped by Pyotr Kochetkov without a rebound.
1:56 of 1st period - Morgan Frost wins face-off versus Derek Stepan in LONG BEACH BARACUDAS zone.
2:48 of 1st period - Icing by Alexander Romanov.
2:49 of 1st period - Evgeni Malkin wins face-off versus Jaden Schwartz in LONG BEACH BARACUDAS zone.
2:54 of 1st period - Shot by Matthew Tkachuk.
2:54 of 1st period - Stopped by Pyotr Kochetkov without a rebound.
2:55 of 1st period - Evgeni Malkin wins face-off versus William Karlsson in LONG BEACH BARACUDAS zone.
2:56 of 1st period - Shot by Casey Mittelstadt.
2:56 of 1st period - Stopped by Pyotr Kochetkov without a rebound.
2:57 of 1st period - Evgeni Malkin wins face-off versus Ryan O'Reilly in LONG BEACH BARACUDAS zone.
3:12 of 1st period - Shot by Matthew Tkachuk.
3:12 of 1st period - Deflect By Evgeni Malkin.
3:12 of 1st period - Shot Misses the Net.
3:14 of 1st period - Shot by Evgeni Malkin.
3:14 of 1st period - Stopped by Pyotr Kochetkov without a rebound.
3:15 of 1st period - Blake Lizotte wins face-off versus Seth Jarvis in LONG BEACH BARACUDAS zone.
3:18 of 1st period - Shot by Andrew Mangiapane.
3:18 of 1st period - Shot Blocked by Alexander Romanov.
4:16 of 1st period - Kyle Okposo is hit by Ethan Prow.
4:27 of 1st period - Icing by Ryan O'Reilly.
4:28 of 1st period - Ryan O'Reilly wins face-off versus Evgeni Malkin in LONG BEACH BARACUDAS zone.
4:45 of 1st period - Shot by Matthew Tkachuk.
4:45 of 1st period - Shot Blocked by Ryan O'Reilly.
4:47 of 1st period - Shot by Matthew Tkachuk.
4:47 of 1st period - Shot Misses the Net.
5:07 of 1st period - Shot by Matthew Tkachuk.
5:07 of 1st period - Shot Blocked by Ryan O'Reilly.
5:09 of 1st period - Shot by Kevin Bahl.
5:09 of 1st period - Stopped by Pyotr Kochetkov without a rebound.
5:10 of 1st period - Teuvo Teravainen wins face-off versus Morgan Frost in LONG BEACH BARACUDAS zone.
5:10 of 1st period - Teuvo Teravainen is hit by Matias Maccelli.
5:20 of 1st period - Shot by Teuvo Teravainen.
5:20 of 1st period - Stopped by Connor Ingram without a rebound.
5:21 of 1st period - Matthew Beniers wins face-off versus William Karlsson in UTAH ICE BEARS zone.
5:25 of 1st period - Off-side.
5:26 of 1st period - Morgan Frost wins face-off versus Boris Katchouk in neutral zone.
5:43 of 1st period - Teuvo Teravainen is hit by Andrew Peeke and loses puck.
6:02 of 1st period - Boris Katchouk is hit by T.J. Brodie and loses puck.
6:45 of 1st period - Shot by Evgeni Malkin.
6:45 of 1st period - Shot Misses the Net.
6:47 of 1st period - Shot by MacKenzie Weegar.
6:47 of 1st period - Shot Misses the Net.
7:02 of 1st period - Evgeni Malkin is hit by Anton Stralman and loses puck.
7:19 of 1st period - Icing by William Karlsson.
7:20 of 1st period - William Karlsson wins face-off versus Matthew Beniers in LONG BEACH BARACUDAS zone.
7:29 of 1st period - Shot by Matthew Beniers.
7:29 of 1st period - Shot Misses the Net.
7:31 of 1st period - Shot by Artem Zub.
7:31 of 1st period - Shot Blocked by Justin Braun.
7:47 of 1st period - Alexander Ovechkin is hit by Anton Stralman and loses puck.
7:50 of 1st period - Shot by Matthew Beniers.
7:50 of 1st period - Deflect By Alexander Ovechkin.
7:50 of 1st period - Stopped by Pyotr Kochetkov without a rebound.
7:51 of 1st period - Morgan Frost wins face-off versus Kyle Connor in LONG BEACH BARACUDAS zone.
8:21 of 1st period - Shot by Kyle Connor.
8:21 of 1st period - Stopped by Connor Ingram without a rebound.
8:22 of 1st period - Matthew Beniers wins face-off versus Andreas Athanasiou in UTAH ICE BEARS zone.
8:35 of 1st period - Andreas Athanasiou is hit by MacKenzie Weegar.
8:44 of 1st period - Andreas Athanasiou is hit by David Savard and loses puck.
9:47 of 1st period - Shot by Matthew Tkachuk.
9:47 of 1st period - Deflect By Casey Mittelstadt.
9:47 of 1st period - Stopped by Pyotr Kochetkov without a rebound.
9:48 of 1st period - Cody Glass wins face-off versus Matias Maccelli in LONG BEACH BARACUDAS zone.
9:48 of 1st period - Teuvo Teravainen is hit by Morgan Frost and loses puck.
10:11 of 1st period - Icing by Lucas Raymond.
10:12 of 1st period - William Karlsson wins face-off versus Morgan Frost in UTAH ICE BEARS zone.
10:12 of 1st period - Seth Jarvis is hit by Kevin Bahl and loses puck.
10:58 of 1st period - Shot by Evgeni Malkin.
10:58 of 1st period - Stopped by Pyotr Kochetkov with a rebound.
11:00 of 1st period - Shot by David Savard.
11:00 of 1st period - Shot Misses the Net.
11:16 of 1st period - Shot by Evgeni Malkin.
11:16 of 1st period - Stopped by Pyotr Kochetkov without a rebound.
11:17 of 1st period - Ryan O'Reilly wins face-off versus Matthew Beniers in LONG BEACH BARACUDAS zone.
11:23 of 1st period - Icing by T.J. Brodie.
11:24 of 1st period - Ryan O'Reilly wins face-off versus Matthew Beniers in UTAH ICE BEARS zone.
12:44 of 1st period - Icing by Matt Irwin.
12:45 of 1st period - Cody Glass wins face-off versus Morgan Frost in LONG BEACH BARACUDAS zone.
12:56 of 1st period - Icing by Matt Irwin.
12:57 of 1st period - Cody Glass wins face-off versus Casey Mittelstadt in LONG BEACH BARACUDAS zone.
12:57 of 1st period - Cody Glass is hit by Matthew Tkachuk.
13:04 of 1st period - Cody Glass is hit by MacKenzie Weegar and loses puck.
13:07 of 1st period - Shot by Boris Katchouk.
13:07 of 1st period - Shot Blocked by David Savard.
13:09 of 1st period - Shot by Cody Glass.
13:09 of 1st period - Stopped by Connor Ingram without a rebound.
13:10 of 1st period - Ryan O'Reilly wins face-off versus Morgan Frost in UTAH ICE BEARS zone.
13:17 of 1st period - Shot by Ryan O'Reilly.
13:17 of 1st period - Deflect By Kyle Connor.
13:17 of 1st period - Goal by Kyle Connor - UTAH ICE BEARS : 0 - LONG BEACH BARACUDAS : 1.
13:18 of 1st period - Ryan O'Reilly wins face-off versus Matthew Tkachuk in neutral zone.
13:20 of 1st period - Off-side.
13:21 of 1st period - Evgeni Malkin wins face-off versus Ryan O'Reilly in neutral zone.
13:37 of 1st period - Shot by Matthew Tkachuk.
13:37 of 1st period - Shot Blocked by Mark Stone.
13:47 of 1st period - Shot by Evgeni Malkin.
13:47 of 1st period - Shot Misses the Net.
13:49 of 1st period - Shot by Evgeni Malkin.
13:49 of 1st period - Stopped by Pyotr Kochetkov with a rebound.
13:55 of 1st period - Shot by Evgeni Malkin.
13:55 of 1st period - Stopped by Pyotr Kochetkov without a rebound.
13:56 of 1st period - William Karlsson wins face-off versus Matthew Beniers in LONG BEACH BARACUDAS zone.
14:06 of 1st period - Icing by T.J. Brodie.
14:07 of 1st period - Matthew Beniers wins face-off versus Derek Stepan in UTAH ICE BEARS zone.
14:42 of 1st period - Shot by Alexander Ovechkin.
14:42 of 1st period - Stopped by Pyotr Kochetkov without a rebound.
14:43 of 1st period - Evgeni Malkin wins face-off versus Jaden Schwartz in LONG BEACH BARACUDAS zone.
14:48 of 1st period - Shot by Matthew Tkachuk.
14:48 of 1st period - Shot Misses the Net.
15:13 of 1st period - Shot by Matthew Tkachuk.
15:13 of 1st period - Shot Blocked by Alexander Romanov.
15:15 of 1st period - Shot by Casey Mittelstadt.
15:15 of 1st period - Stopped by Pyotr Kochetkov without a rebound.
15:16 of 1st period - Ryan O'Reilly wins face-off versus Morgan Frost in LONG BEACH BARACUDAS zone.
15:20 of 1st period - Kyle Connor is hit by Artem Zub.
15:41 of 1st period - Icing by Artem Zub.
15:42 of 1st period - William Karlsson wins face-off versus Matias Maccelli in UTAH ICE BEARS zone.
15:48 of 1st period - Lucas Raymond is hit by Alexander Romanov and loses puck.
15:59 of 1st period - Shot by Matias Maccelli.
15:59 of 1st period - Stopped by Pyotr Kochetkov without a rebound.
16:00 of 1st period - Ryan O'Reilly wins face-off versus Evgeni Malkin in LONG BEACH BARACUDAS zone.
16:07 of 1st period - David Savard is hit by Kyle Connor and loses puck.
16:40 of 1st period - Shot by Matthew Tkachuk.
16:40 of 1st period - Stopped by Pyotr Kochetkov with a rebound.
16:42 of 1st period - Shot by Evgeni Malkin.
16:42 of 1st period - Stopped by Pyotr Kochetkov with a rebound.
16:44 of 1st period - Shot by Evgeni Malkin.
16:44 of 1st period - Deflect By Matthew Tkachuk.
16:44 of 1st period - Stopped by Pyotr Kochetkov with a rebound.
16:44 of 1st period - Pyotr Kochetkov from LONG BEACH BARACUDAS is injured at 16:44 of 1st period (Torso).
16:44 of 1st period - Alex Lyon enters game.
16:45 of 1st period - William Karlsson wins face-off versus Matthew Beniers in LONG BEACH BARACUDAS zone.
16:49 of 1st period - Jaden Schwartz is hit by Andrew Peeke and loses puck.
16:58 of 1st period - T.J. Brodie is hit by Jaden Schwartz and loses puck.
17:06 of 1st period - Andrew Peeke is hit by William Karlsson and loses puck.
17:15 of 1st period - Shot by Alexander Barabanov.
17:15 of 1st period - Stopped by Alex Lyon without a rebound.
17:16 of 1st period - Cody Glass wins face-off versus Matias Maccelli in LONG BEACH BARACUDAS zone.
17:25 of 1st period - Shot by Boris Katchouk.
17:25 of 1st period - Goal by Boris Katchouk - UTAH ICE BEARS : 0 - LONG BEACH BARACUDAS : 2.
17:26 of 1st period - Ryan O'Reilly wins face-off versus Evgeni Malkin in neutral zone.
17:28 of 1st period - Off-side.
17:29 of 1st period - Matthew Beniers wins face-off versus Cody Glass in neutral zone.
17:52 of 1st period - Shot by Alexander Ovechkin.
17:52 of 1st period - Stopped by Alex Lyon without a rebound.
17:53 of 1st period - William Karlsson wins face-off versus Evgeni Malkin in LONG BEACH BARACUDAS zone.
18:17 of 1st period - Minor Penalty to Evgeni Malkin for Tripping.
18:18 of 1st period - Teuvo Teravainen wins face-off versus Morgan Frost in UTAH ICE BEARS zone.
18:29 of 1st period - Shot by Kyle Connor.
18:29 of 1st period - Shot Misses the Net.
18:47 of 1st period - Shot by Teuvo Teravainen.
18:47 of 1st period - Stopped by Connor Ingram without a rebound.
18:48 of 1st period - Jaden Schwartz wins face-off versus Morgan Frost in UTAH ICE BEARS zone.
18:53 of 1st period - Shot by Mark Stone.
18:53 of 1st period - Shot Misses the Net.
19:01 of 1st period - Shot by Jaden Schwartz.
19:01 of 1st period - Shot Misses the Net.
19:03 of 1st period - Shot by Ryan O'Reilly.
19:03 of 1st period - Shot Blocked by MacKenzie Weegar.
19:14 of 1st period - Icing by Justin Braun.
19:15 of 1st period - Ryan O'Reilly wins face-off versus Morgan Frost in LONG BEACH BARACUDAS zone.
19:55 of 1st period - Shot by Kyle Connor.
19:55 of 1st period - Stopped by Connor Ingram without a rebound.
19:56 of 1st period - Blake Lizotte wins face-off versus William Karlsson in UTAH ICE BEARS zone.
Goals for this period are 0 for UTAH ICE BEARS vs 2 for LONG BEACH BARACUDAS.
Shots for this period are 19 for UTAH ICE BEARS vs 7 for LONG BEACH BARACUDAS.

2nd period


0:01 of 2nd period - Morgan Frost wins face-off versus William Karlsson in neutral zone.
0:22 of 2nd period - Derek Stepan is hit by Alexander Ovechkin and loses puck.
0:51 of 2nd period - Shot by Alexander Barabanov.
0:51 of 2nd period - Stopped by Alex Lyon without a rebound.
0:52 of 2nd period - Ryan O'Reilly wins face-off versus Evgeni Malkin in LONG BEACH BARACUDAS zone.
0:52 of 2nd period - Ryan O'Reilly is hit by Evgeni Malkin.
1:04 of 2nd period - Shot by Kyle Connor.
1:04 of 2nd period - Shot Misses the Net.
2:47 of 2nd period - Matias Maccelli is hit by Calvin De Haan and loses puck.
2:54 of 2nd period - David Savard is hit by Boris Katchouk and loses puck.
3:18 of 2nd period - Icing by MacKenzie Weegar.
3:19 of 2nd period - Ryan O'Reilly wins face-off versus Morgan Frost in UTAH ICE BEARS zone.
3:22 of 2nd period - Shot by Mark Stone.
3:22 of 2nd period - Shot Misses the Net.
3:27 of 2nd period - Mark Stone is hit by MacKenzie Weegar and loses puck.
3:32 of 2nd period - Shot by Ryan O'Reilly.
3:32 of 2nd period - Shot Misses the Net.
3:34 of 2nd period - Shot by Kyle Connor.
3:34 of 2nd period - Shot Misses the Net.
3:36 of 2nd period - Shot by Justin Braun.
3:36 of 2nd period - Shot Hit the Post.
3:38 of 2nd period - Shot by Ryan O'Reilly.
3:38 of 2nd period - Shot Misses the Net.
3:40 of 2nd period - Shot by Mark Stone.
3:40 of 2nd period - Shot Misses the Net.
3:50 of 2nd period - Shot by Kyle Connor.
3:50 of 2nd period - Shot Misses the Net.
4:00 of 2nd period - Shot by Kyle Connor.
4:00 of 2nd period - Deflect By Mark Stone.
4:00 of 2nd period - Shot Blocked by MacKenzie Weegar.
4:30 of 2nd period - Shot by Seth Jarvis.
4:30 of 2nd period - Shot Blocked by T.J. Brodie.
4:37 of 2nd period - Alexander Ovechkin is hit by Matt Irwin and loses puck.
5:06 of 2nd period - Shot by Alexander Ovechkin.
5:06 of 2nd period - Shot Misses the Net.
5:28 of 2nd period - Shot by Matthew Tkachuk.
5:28 of 2nd period - Shot Misses the Net.
6:06 of 2nd period - Shot by Andrew Mangiapane.
6:06 of 2nd period - Shot Misses the Net.
6:08 of 2nd period - Shot by Andrew Mangiapane.
6:08 of 2nd period - Shot Blocked by Matt Irwin.
6:10 of 2nd period - Shot by Andrew Mangiapane.
6:10 of 2nd period - Stopped by Alex Lyon with a rebound.
7:58 of 2nd period - Shot by Evgeni Malkin.
7:58 of 2nd period - Shot Misses the Net.
8:14 of 2nd period - Shot by Matthew Tkachuk.
8:14 of 2nd period - Stopped by Alex Lyon without a rebound.
8:15 of 2nd period - Blake Lizotte wins face-off versus Derek Stepan in LONG BEACH BARACUDAS zone.
8:20 of 2nd period - Shot by Blake Lizotte.
8:20 of 2nd period - Shot Misses the Net.
8:25 of 2nd period - Icing by Alexander Romanov.
8:26 of 2nd period - Peyton Krebs wins face-off versus Morgan Frost in LONG BEACH BARACUDAS zone.
8:39 of 2nd period - Shot by Derek Stepan.
8:39 of 2nd period - Stopped by Connor Ingram without a rebound.
8:40 of 2nd period - Ryan O'Reilly wins face-off versus Matthew Beniers in UTAH ICE BEARS zone.
8:41 of 2nd period - Shot by Kyle Connor.
8:41 of 2nd period - Shot Blocked by David Savard.
8:44 of 2nd period - Icing by David Savard.
8:45 of 2nd period - Ryan O'Reilly wins face-off versus Matthew Beniers in UTAH ICE BEARS zone.
9:01 of 2nd period - Shot by Ryan O'Reilly.
9:01 of 2nd period - Stopped by Connor Ingram without a rebound.
9:02 of 2nd period - Cody Glass wins face-off versus Evgeni Malkin in UTAH ICE BEARS zone.
9:05 of 2nd period - Shot by Teuvo Teravainen.
9:05 of 2nd period - Shot Blocked by T.J. Brodie.
9:17 of 2nd period - Shot by Matthew Tkachuk.
9:17 of 2nd period - Shot Misses the Net.
9:19 of 2nd period - Shot by Evgeni Malkin.
9:19 of 2nd period - Shot Misses the Net.
9:59 of 2nd period - Shot by Alexander Barabanov.
9:59 of 2nd period - Stopped by Alex Lyon with a rebound.
10:51 of 2nd period - Shot by Morgan Frost.
10:51 of 2nd period - Shot Hit the Post.
10:53 of 2nd period - Shot by Morgan Frost.
10:53 of 2nd period - Stopped by Alex Lyon without a rebound.
10:54 of 2nd period - Morgan Frost wins face-off versus Kyle Connor in LONG BEACH BARACUDAS zone.
10:54 of 2nd period - Morgan Frost is hit by Alexander Romanov.
10:56 of 2nd period - Shot by Matias Maccelli.
10:56 of 2nd period - Stopped by Alex Lyon without a rebound.
10:57 of 2nd period - Ryan O'Reilly wins face-off versus Morgan Frost in LONG BEACH BARACUDAS zone.
11:11 of 2nd period - Shot by Matias Maccelli.
11:11 of 2nd period - Deflect By Lucas Raymond.
11:11 of 2nd period - Goal by Lucas Raymond - UTAH ICE BEARS : 1 - LONG BEACH BARACUDAS : 2.
11:12 of 2nd period - Evgeni Malkin wins face-off versus Jaden Schwartz in neutral zone.
11:42 of 2nd period - Artem Zub is hit by Jaden Schwartz and loses puck.
12:01 of 2nd period - Icing by Kevin Bahl.
12:02 of 2nd period - Ryan O'Reilly wins face-off versus Evgeni Malkin in UTAH ICE BEARS zone.
12:42 of 2nd period - Shot by Alexander Barabanov.
12:42 of 2nd period - Deflect By Matthew Beniers.
12:42 of 2nd period - Shot Misses the Net.
12:54 of 2nd period - Shot by Alexander Barabanov.
12:54 of 2nd period - Shot Misses the Net.
12:56 of 2nd period - Shot by Matthew Beniers.
12:56 of 2nd period - Stopped by Alex Lyon with a rebound.
13:00 of 2nd period - Shot by Alexander Ovechkin.
13:00 of 2nd period - Stopped by Alex Lyon without a rebound.
13:01 of 2nd period - William Karlsson wins face-off versus Morgan Frost in LONG BEACH BARACUDAS zone.
13:07 of 2nd period - Icing by MacKenzie Weegar.
13:08 of 2nd period - William Karlsson wins face-off versus Morgan Frost in UTAH ICE BEARS zone.
13:13 of 2nd period - Shot by Seth Jarvis.
13:13 of 2nd period - Stopped by Connor Ingram without a rebound.
13:14 of 2nd period - Alexander Ovechkin wins face-off versus William Karlsson in UTAH ICE BEARS zone.
15:19 of 2nd period - Shot by Kyle Connor.
15:19 of 2nd period - Shot Misses the Net.
15:47 of 2nd period - Shot by Andreas Athanasiou.
15:47 of 2nd period - Stopped by Connor Ingram without a rebound.
15:48 of 2nd period - Cody Glass wins face-off versus Matthew Beniers in UTAH ICE BEARS zone.
15:55 of 2nd period - Shot by Cody Glass.
15:55 of 2nd period - Shot Misses the Net.
16:13 of 2nd period - Shot by Teuvo Teravainen.
16:13 of 2nd period - Shot Blocked by T.J. Brodie.
16:15 of 2nd period - Shot by Cody Glass.
16:15 of 2nd period - Shot Blocked by Andrew Peeke.
16:17 of 2nd period - Shot by Teuvo Teravainen.
16:17 of 2nd period - Shot Blocked by T.J. Brodie.
16:19 of 2nd period - Shot by Justin Braun.
16:19 of 2nd period - Stopped by Connor Ingram with a rebound.
16:21 of 2nd period - Shot by Cody Glass.
16:21 of 2nd period - Stopped by Connor Ingram with a rebound.
16:51 of 2nd period - Shot by Matthew Tkachuk.
16:51 of 2nd period - Shot Misses the Net.
17:01 of 2nd period - Shot by Matthew Tkachuk.
17:01 of 2nd period - Shot Misses the Net.
17:15 of 2nd period - Shot by Casey Mittelstadt.
17:15 of 2nd period - Shot Misses the Net.
18:06 of 2nd period - Shot by Lucas Raymond.
18:06 of 2nd period - Shot Blocked by Justin Braun.
18:32 of 2nd period - Shot by William Karlsson.
18:32 of 2nd period - Shot Misses the Net.
19:03 of 2nd period - Icing by Andrew Peeke.
19:04 of 2nd period - Cody Glass wins face-off versus Matthew Beniers in UTAH ICE BEARS zone.
19:10 of 2nd period - Icing by Andrew Peeke.
19:11 of 2nd period - Cody Glass wins face-off versus Matthew Beniers in UTAH ICE BEARS zone.
Goals for this period are 1 for UTAH ICE BEARS vs 0 for LONG BEACH BARACUDAS.
Shots for this period are 9 for UTAH ICE BEARS vs 6 for LONG BEACH BARACUDAS.

3rd period


0:01 of 3rd period - Ryan O'Reilly wins face-off versus Evgeni Malkin in neutral zone.
0:38 of 3rd period - Off-side.
0:39 of 3rd period - Morgan Frost wins face-off versus Jaden Schwartz in neutral zone.
1:04 of 3rd period - Lucas Raymond is hit by Jaden Schwartz and loses puck.
1:45 of 3rd period - Shot by Andreas Athanasiou.
1:45 of 3rd period - Stopped by Connor Ingram with a rebound.
1:47 of 3rd period - Shot by Calvin De Haan.
1:47 of 3rd period - Shot Misses the Net.
2:01 of 3rd period - Shot by Peyton Krebs.
2:01 of 3rd period - Stopped by Connor Ingram without a rebound.
2:02 of 3rd period - Ryan O'Reilly wins face-off versus Evgeni Malkin in UTAH ICE BEARS zone.
2:03 of 3rd period - Shot by Kyle Connor.
2:03 of 3rd period - Shot Misses the Net.
2:10 of 3rd period - Icing by Artem Zub.
2:11 of 3rd period - Evgeni Malkin wins face-off versus Mark Stone in UTAH ICE BEARS zone.
2:27 of 3rd period - Icing by Kyle Connor.
2:28 of 3rd period - Ryan O'Reilly wins face-off versus Matthew Beniers in LONG BEACH BARACUDAS zone.
2:28 of 3rd period - Ryan O'Reilly is hit by Alexander Ovechkin.
2:52 of 3rd period - Shot by Ryan O'Reilly.
2:52 of 3rd period - Stopped by Connor Ingram without a rebound.
2:53 of 3rd period - Evgeni Malkin wins face-off versus William Karlsson in UTAH ICE BEARS zone.
3:28 of 3rd period - Shot by William Karlsson.
3:28 of 3rd period - Stopped by Connor Ingram without a rebound.
3:29 of 3rd period - Ryan O'Reilly wins face-off versus Matthew Beniers in UTAH ICE BEARS zone.
4:10 of 3rd period - Icing by Mark Stone.
4:11 of 3rd period - Morgan Frost wins face-off versus Kyle Connor in LONG BEACH BARACUDAS zone.
4:12 of 3rd period - Shot by Lucas Raymond.
4:12 of 3rd period - Shot Misses the Net.
4:15 of 3rd period - Icing by Matt Irwin.
4:16 of 3rd period - Ryan O'Reilly wins face-off versus Lucas Raymond in LONG BEACH BARACUDAS zone.
5:27 of 3rd period - Casey Mittelstadt is hit by Alexander Romanov and loses puck.
5:32 of 3rd period - Shot by Matthew Tkachuk.
5:32 of 3rd period - Stopped by Alex Lyon with a rebound.
5:34 of 3rd period - Shot by David Savard.
5:34 of 3rd period - Stopped by Alex Lyon without a rebound.
5:35 of 3rd period - Cody Glass wins face-off versus Matthew Beniers in LONG BEACH BARACUDAS zone.
5:44 of 3rd period - Shot by Boris Katchouk.
5:44 of 3rd period - Stopped by Connor Ingram without a rebound.
5:45 of 3rd period - Ryan O'Reilly wins face-off versus Matthew Beniers in UTAH ICE BEARS zone.
5:46 of 3rd period - Shot by Kyle Connor.
5:46 of 3rd period - Shot Misses the Net.
5:48 of 3rd period - Shot by Kyle Connor.
5:48 of 3rd period - Stopped by Connor Ingram without a rebound.
5:49 of 3rd period - Evgeni Malkin wins face-off versus Ryan O'Reilly in UTAH ICE BEARS zone.
6:55 of 3rd period - William Karlsson is hit by Evgeni Malkin and loses puck.
9:11 of 3rd period - Minor Penalty to Mark Stone for Roughing.
9:12 of 3rd period - Evgeni Malkin wins face-off versus Ryan O'Reilly in LONG BEACH BARACUDAS zone.
10:53 of 3rd period - Matt Irwin is hit by Alexander Ovechkin.
11:01 of 3rd period - Shot by Matthew Tkachuk.
11:01 of 3rd period - Stopped by Alex Lyon without a rebound.
11:02 of 3rd period - Derek Stepan wins face-off versus Evgeni Malkin in LONG BEACH BARACUDAS zone.
11:22 of 3rd period - Matias Maccelli is hit by Matt Irwin and loses puck.
11:30 of 3rd period - Lucas Raymond is hit by Anton Stralman and loses puck.
11:50 of 3rd period - Morgan Frost is hit by Matt Irwin.
12:28 of 3rd period - Icing by Derek Stepan.
12:29 of 3rd period - Derek Stepan wins face-off versus Alexander Barabanov in LONG BEACH BARACUDAS zone.
12:52 of 3rd period - Matthew Beniers is hit by William Karlsson and loses puck.
12:57 of 3rd period - Shot by William Karlsson.
12:57 of 3rd period - Shot Blocked by David Savard.
12:59 of 3rd period - Shot by Jaden Schwartz.
12:59 of 3rd period - Stopped by Connor Ingram with a rebound.
13:01 of 3rd period - Shot by William Karlsson.
13:01 of 3rd period - Stopped by Connor Ingram without a rebound.
13:02 of 3rd period - Cody Glass wins face-off versus Evgeni Malkin in UTAH ICE BEARS zone.
13:13 of 3rd period - Shot by Matthew Tkachuk.
13:13 of 3rd period - Shot Blocked by Matt Irwin.
15:23 of 3rd period - Off-side.
15:24 of 3rd period - Evgeni Malkin wins face-off versus Ryan O'Reilly in neutral zone.
15:50 of 3rd period - Shot by Kyle Connor.
15:50 of 3rd period - Shot Misses the Net.
15:52 of 3rd period - Shot by Justin Braun.
15:52 of 3rd period - Stopped by Connor Ingram without a rebound.
15:53 of 3rd period - William Karlsson wins face-off versus Blake Lizotte in UTAH ICE BEARS zone.
16:11 of 3rd period - Blake Lizotte is hit by Calvin De Haan and loses puck.
16:19 of 3rd period - Andrew Mangiapane is hit by Alexander Romanov and loses puck.
16:28 of 3rd period - Shot by Jaden Schwartz.
16:28 of 3rd period - Shot Misses the Net.
16:53 of 3rd period - Minor Penalty to T.J. Brodie for Slashing.
16:54 of 3rd period - Ryan O'Reilly wins face-off versus Morgan Frost in UTAH ICE BEARS zone.
16:55 of 3rd period - Shot by Mark Stone.
16:55 of 3rd period - Deflect By Ryan O'Reilly.
16:55 of 3rd period - Stopped by Connor Ingram without a rebound.
16:56 of 3rd period - Ryan O'Reilly wins face-off versus Morgan Frost in UTAH ICE BEARS zone.
17:17 of 3rd period - Shot by Mark Stone.
17:17 of 3rd period - Deflect By Ryan O'Reilly.
17:17 of 3rd period - Shot Blocked by Andrew Peeke.
17:43 of 3rd period - Shot by Kyle Connor.
17:43 of 3rd period - Stopped by Connor Ingram without a rebound.
17:44 of 3rd period - Blake Lizotte wins face-off versus William Karlsson in UTAH ICE BEARS zone.
19:13 of 3rd period - UTAH ICE BEARS, Connor Ingram is pulled from the net.
19:22 of 3rd period - Shot by Matthew Beniers.
19:22 of 3rd period - Stopped by Alex Lyon without a rebound.
19:23 of 3rd period - Ryan O'Reilly wins face-off versus Evgeni Malkin in LONG BEACH BARACUDAS zone.
19:48 of 3rd period - Shot by Jaden Schwartz.
19:48 of 3rd period - Goal by Jaden Schwartz - UTAH ICE BEARS : 1 - LONG BEACH BARACUDAS : 3.
19:48 of 3rd period - Connor Ingram from UTAH ICE BEARS was sent back in the game.
19:49 of 3rd period - Ryan O'Reilly wins face-off versus Morgan Frost in neutral zone.
Goals for this period are 0 for UTAH ICE BEARS vs 1 for LONG BEACH BARACUDAS.
Shots for this period are 4 for UTAH ICE BEARS vs 12 for LONG BEACH BARACUDAS.


BLAKE
WHEELER
STEVEN
STAMKOS
DREW
DOUGHTY

EAST COAST

HOCKEY LEAGUE

  • 63.RHI2PIT5
  • 64.WOR4ATL3
  • 65.QUECHW
  • 66.CHATRV